 Dungeon Crawl Stone Soup version 0.28-a0-1429-gf3d713df7a (webtiles) character file.

Game seed: 10120221861122298898

3628 flotson the Skirmisher (level 9, -13/68 (69) HPs)
             Began as a Demonspawn Gladiator on Jan 9, 2022.
             Was an Initiate of Gozag.
             Mangled by a large abomination (18 damage)
             ... on level 2 of the Abyss.
             The game lasted 00:15:34 (9236 turns).

flotson the Skirmisher (Demonspawn Gladiator)       Turns: 9236, Time: 00:15:35

HP:   -13/68 (69)   AC: 15    Str: 25    XL:     9   Next: 87%
MP:   9/9           EV: 18    Int: 10    God:    Gozag
Gold: 219           SH:  9    Dex: 14    Spells: 8/8 levels left

rFire   . . .      SeeInvis .   a - +2 war axe (freeze)
rCold   . . .      Faith    .   (no shield)
rNeg    . . .      Spirit   .   S - +0 acid dragon scales
rPois   .          Reflect  +   c - +0 helmet
rElec   .          Harm     .   l - +0 cloak
rCorr   +          Rampage  .   P - +0 pair of gloves
Will    .....                   (no boots)
Stlth   +.........              k - amulet of reflection
HPRegen 0.21/turn               o - +6 ring of strength
MPRegen 0.11/turn               q - +4 ring of evasion

@: lightly drained
A: icemail 1, powered by pain 1, condensation shield
a: Renounce Religion, Potion Petition, Call Merchant, Bribe Branch


You were on level 2 of the Abyss.
You worshipped Gozag.
Gozag was aware of your devotion.
You visited 2 branches of the dungeon, and saw 9 of its levels.
You visited the Abyss 1 time.
You also visited: Sewer.

You collected 572 gold pieces.
You spent 250 gold pieces at shops.
You paid 103 gold pieces to Gozag.

Inventory:

Hand Weapons
 a - a +2 war axe of freezing (weapon)
 b - a +0 hunting sling
 H - a +0 broad axe
Missiles
 d - a throwing net
 i - 2 javelins
 C - 2 datura-tipped darts
 G - 6 boomerangs
 J - 29 sling bullets
 K - 7 poisoned darts (quivered)
Armour
 c - a +0 helmet (worn)
 l - a +0 cloak (worn)
 P - a +0 pair of gloves (worn)
 S - +0 acid dragon scales (worn)
Jewellery
 k - an amulet of reflection (around neck)
 o - a +6 ring of strength (left hand)
 q - a +4 ring of evasion (right hand)
 x - a ring of protection from cold
 O - a +4 ring of evasion
Wands
 e - a wand of charming (8)
 D - a wand of polymorph (6)
 F - a wand of iceblast (12)
 Q - a wand of mindburst (6)
 T - a wand of acid (3)
Scrolls
 g - a scroll of torment {unknown}
 h - a scroll of enchant weapon {unknown}
 j - 5 scrolls of identify
 m - a scroll of fog
 n - a scroll of silence {unknown}
 p - 2 scrolls of amnesia
 t - a scroll of fear
 u - a scroll of immolation
 v - a scroll of vulnerability {unknown}
 y - a scroll of noise {unknown}
 z - a scroll of teleportation {unknown}
 A - 3 scrolls of blinking
 B - 2 scrolls of enchant armour {unknown}
 E - 2 scrolls of magic mapping {unknown}
 I - a scroll of summoning {unknown}
Potions
 f - 6 potions of curing
 r - 3 potions of might
 s - a potion of berserk rage
 w - 2 potions of mutation
 L - a potion of ambrosia
 M - 2 potions of lignification
 N - a potion of haste
 R - a potion of invisibility {unknown}


   Skills:
 + Level 6.2 Fighting
 + Level 6.1 Axes
 + Level 5.7 Throwing
 + Level 5.2 Armour
 + Level 6.1 Dodging
 + Level 4.5 Evocations


You had 8 spell levels left.
You didn't know any spells.
Your spell library contained the following spells:

 Spells                   Type           Power      Damage    Failure   Level
 Pain                     Necr           0%         1d4       41%         1
 Ignite Poison            Fire/Tmut/Pois 0%         N/A       80%         3
 Mephitic Cloud           Conj/Pois/Air  0%         N/A       80%         3
 Passage of Golubria      Tloc           0%         N/A       99%         4
 Summon Lightning Spire   Summ/Air       0%         N/A       99%         4
 Agony                    Necr           0%         N/A       100%        5
 Blade Hands              Tmut           0%         N/A       100%        5
 Excruciating Wounds      Necr           0%         N/A       100%        5
 Freezing Cloud           Conj/Ice/Air   0%         6-21      100%        5
 Irradiate                Conj/Tmut      0%         3d13      100%        5
 Silence                  Hex/Air        0%         N/A       100%        5
 Dragon Form              Tmut           0%         N/A       100%        7
 Storm Form               Tmut/Air       0%         N/A       100%        7
 Lehudib's Crystal Spear  Conj/Erth      0%         10d2      100%        8
 Maxwell's Capacitive Co  Air            0%         ∞         100%        8


Dungeon Overview and Level Annotations

Branches:
Dungeon (8/15)             Temple (1/1) D:7           Sewer (visited)
   Lair: D:8-11

Altars:
Ashenzari
Cheibriados
Dithmenos
Elyvilon
Fedhas
Gozag
Hepliaklqana
Makhleb
Qazlal
Sif Muna
Trog
Vehumet
Wu Jian
Yredelemnul
Zin

Shops:
D:5 [   D:6 (   D:8 *

Annotations:
D:8 2 transporters, Psyche


Innate Abilities, Weirdness & Mutations

A meltable icy envelope protects you from harm. (AC +4)
You sometimes gain a little power by taking damage.
A meltable shield of frost defends you. (SH +4)


Message History

You feel less wooden.
Your +0 cloak unmelds from your body.
Your +0 helmet unmelds from your body.
Your +0 pair of gloves unmelds from your body.
Your +0 acid dragon scales unmelds from your body.
HP restored.
A large abomination comes into view.
Found an encrusted wooden wand.
T - a wand of acid (3)
A balrug and a sun demon come into view.
The balrug is wielding a +1 demon whip of freezing.
The balrug shouts!
The sun demon shouts!
The balrug gestures at you. Something smites you!
A sun demon comes into view.
An Executioner comes into view.
A sun demon comes into view.
The Executioner gives a hideous shriek!
You hear a shout!
You block the large abomination's attack.
The balrug gestures at you. Something smites you!
An apocalypse crab comes into view.
You block the large abomination's attack.
As you read the scroll labelled TUOFUNW HEITOH, it crumbles to dust.
It is a scroll of amnesia.
You feel forgetful for a moment. The large abomination hits you!
As you read the scroll labelled JYWOD HOCLIU, it crumbles to dust.
The scroll dissolves into smoke.
It was a scroll of fog.
The large abomination misses you.
As you read the scroll labelled YCOJUI MUARIRUTA, it crumbles to dust.
You assume a fearsome visage.
The large abomination is unaffected.
The apocalypse crab looks frightened!
It was a scroll of fear.
The large abomination misses you.
As you read the scroll labelled YPOIFAO TEICIE, it crumbles to dust.
The creatures around you are filled with an inner flame!
It was a scroll of immolation.
The Executioner hits you!!
* * * LOW HITPOINT WARNING * * *
The Executioner hits you.
* * * LOW HITPOINT WARNING * * *
The Executioner barely misses you. The large abomination hits you!!
You die...
Your body crumbles into a pile of gold.

.# .##. . ...
### .##t.#... #
..#.#.. #.
.§..§## .#
#.##§§§§§#.#
#§§§1#§...# ###
3X@§# #.###
#§###### . ..
#.3..3§....# .##
##. #.2...#..#
...# .... .
#3.3###..#.#.
..... . ....
#..#.#..#.... .#
...
####...#...##..#
.# ...... .# .#
. ....


You could see an Executioner (inner flame), a sun demon and a large abomination
(inner flame).

Vanquished Creatures
  Maggie (D:8)
  A hornet (D:8)
  5 yaks (D:8)
  Menkaure (D:5)
  A water moccasin (D:7)
  2 orc warriors
  An ice beast (D:7)
  A sky beast (D:6)
  2 black bears
  3 centaurs
  2 necrophages
  A phantom (D:4)
  2 bullfrogs
  A wyvern zombie (D:7)
  2 scorpions
  A killer bee (D:7)
  A centaur zombie (D:8)
  3 centaur skeletons
  2 hounds (D:6)
  A jelly (D:6)
  A gnoll shaman (D:7)
  6 iguanas
  Ijyb (D:4)
  3 orc wizards
  11 gnolls
  A howler monkey skeleton (D:4)
  11 adders
  2 white imps
  2 adder skeletons (D:4)
  A worm (D:5)
  3 dart slugs
  9 orcs
  13 ball pythons
  15 endoplasms
  13 giant cockroaches
  12 goblins
  13 hobgoblins
  6 jackals
  11 kobolds
  4 quokkas
  4 bats
  10 frilled lizards
  13 rats
199 creatures vanquished.

Notes
Turn   | Place    | Note
-------+----------+-------------------------------------------
     0 | D:1      | flotson the Demonspawn Gladiator began the quest for the
                  | Orb.
     0 | D:1      | Reached XP level 1. HP: 16/16 MP: 1/1
   289 | D:1      | Gained mutation: A meltable shield of frost defends you.
                  | (SH +4) [demonic ancestry]
   289 | D:1      | Reached XP level 2. HP: 12/22 MP: 2/2
   669 | D:1      | Found a faded altar of an unknown god.
   905 | D:1      | Reached XP level 3. HP: 28/28 MP: 3/3
  1003 | D:1      | Reached skill level 1 in Armour
  1533 | D:2      | Gained mutation: You sometimes gain a little power by
                  | taking damage. [demonic ancestry]
  1533 | D:2      | Reached XP level 4. HP: 29/34 MP: 4/4
  2476 | D:3      | Reached XP level 5. HP: 40/40 MP: 5/5
  2531 | D:3      | Noticed a necrophage
  2543 | D:3      | Killed a necrophage
  2544 | D:3      | Reached XP level 6. HP: 16/47 MP: 6/6
  2879 | D:3      | Found a glowing drain.
  2901 | Sewer    | Entered a sewer
  3968 | D:4      | Reached XP level 7. HP: 41/53 MP: 7/7
  4122 | D:4      | Noticed Ijyb
  5164 | D:4      | Killed Ijyb
  5250 | D:5      | Entered Level 5 of the Dungeon
  5314 | D:5      | Noticed Menkaure
  5324 | D:5      | Killed Menkaure
  5817 | D:5      | Reached skill level 1 in Evocations
  5876 | D:5      | Found Jillom's Armour Boutique.
  5882 | D:5      | Bought a +0 cloak for 49 gold pieces
  6201 | D:6      | Found Lyrches's Weapon Shoppe.
  6264 | D:6      | Reached XP level 8. HP: 26/61 MP: 8/8
  7072 | D:7      | Reached skill level 5 in Fighting
  7072 | D:7      | Reached skill level 5 in Axes
  7072 | D:7      | Reached skill level 5 in Dodging
  7293 | D:7      | Found a shadowy altar of Dithmenos.
  7373 | D:7      | Found a staircase to the Ecumenical Temple.
  7382 | Temple   | Entered the Ecumenical Temple
  7575 | Temple   | Became a worshipper of Gozag Ym Sagoz the Greedy
  8016 | D:7      | Gained mutation: A meltable icy envelope protects you from
                  | harm. (AC +4) [demonic ancestry]
  8016 | D:7      | Reached XP level 9. HP: 64/68 MP: 9/9
  8391 | D:8      | Reached skill level 5 in Throwing
  8602 | D:8      | Found a transporter.
  8609 | D:8      | Found the +7 Kryia's mail coat {PotionHeal*2 rC+}
  8643 | D:8      | Found a transporter.
  8645 | D:8      | Identified the +1 leather armour of the Wheelwright
                  | {Rampage Drain rElec}
  8713 | D:6      | Bought a +2 war axe of freezing for 201 gold pieces
  8812 | D:8      | Noticed Maggie
  8853 | D:8      | Killed Maggie
  8854 | D:8      | Reached skill level 5 in Armour
  8998 | D:8      | Found Azoc's Mayhem Merchandise.
  9133 | D:8      | Noticed Psyche
  9185 | D:8      | Cast into level 2 of the Abyss (Psyche)
  9205 | Abyss:2  | Noticed a large abomination
  9227 | Abyss:2  | Noticed a balrug
  9227 | Abyss:2  | Noticed a sun demon
  9227 | Abyss:2  | Noticed a sun demon
  9228 | Abyss:2  | Noticed an Executioner
  9228 | Abyss:2  | Noticed a sun demon
  9230 | Abyss:2  | Noticed an apocalypse crab
  9236 | Abyss:2  | Mangled by a large abomination

Illustrated notes

Levels and vault maps discovered:
D:1:      saegor_arrival_simple_e, layout_loops_ring,
          hellmonk_ecumenical_altar_lost_god, minmay_small_reverse_x
D:2:      layout_loops_ring
D:3:      layout_basic, portal_sewer_entry_b
D:4:      kennysheep_goblin_castle, layout_basic
D:5:      layout_cave_pools, serial_shops, shop_fountains, minivault_4,
          uniq_menkaure
D:6:      layout_loops_cross, serial_shops, nicolae_diamond_shop
D:7:      layout_loops_cross, mainiacjoe_overflow_catwalk_spiral,
          minmay_temple_entry_glassed_door, solitary_fountain, st_stairs_2,
          nrook_uturn
D:8:      layout_loops_cross, gammafunk_ghost_abyssal_escape,
          minmay_shop_mayhem, amcnicky_mini_corridor_feature, kennysheep_nub,
          uniq_maggie, uniq_psyche
Temple:   mainiacjoe_temple_cubbyholes
Abyss:2:  base: D:7, hangedman_abyss_or_decor_stagger, evilmike_abyss_exit_15

Skill      XL: |  1  2  3  4  5  6  7  8  9 |
---------------+----------------------------+-----
Throwing       | 2 3 4 5 |  5.7
Axes           | 3 4 5 6 |  6.1
Dodging        | 3 4 5 6 |  6.1
Armour         | 1 2 3 4 5 |  5.2
Fighting       | 3 4 5 6 |  6.2
Evocations     | 1 3 4 |  4.5

Action                   |  1- 3 |  4- 6 |  7- 9 || total
-------------------------+-------+-------+-------++-------
Melee: War axe           |    48 |     3 |    62 ||   113
       Halberd           |       |   200 |   310 ||   510
 Fire: Hunting sling     |    98 |    61 |    29 ||   188
Throw: Dart              |       |       |     6 ||     6
       Throwing net      |       |       |     3 ||     3
  Use: Scroll            |       |       |    13 ||    13
 Stab: Sleeping          |     1 |     1 |       ||     2
       Distracted        |       |       |     1 ||     1
       Held in net/web   |       |       |     1 ||     1
Armor: Leather armour    |    27 |    48 |     3 ||    78
       Scale mail        |       |       |   123 ||   123
       Acid dragon scale |       |       |     5 ||     5
       Skin              |       |       |     3 ||     3
Dodge: Dodged            |    53 |    96 |   311 ||   460
Block: Other             |    33 |   101 |   208 ||   342
       Reflection        |     1 |       |     7 ||     8

Table legend: (Time is in decaauts)
 A = Elapsed time spent in this place.
 B = Non-inter-level travel time spent in this place.
 C = Inter-level travel time spent in this place.
 D = Time resting spent in this place.
 E = Time spent auto-exploring this place.
 F = Levels seen in this place.
 G = Mean time per level.
                   A        B        C        D        E       F      G
               +--------+--------+--------+--------+--------+-----+--------+
         Total |   9559 |   9203 |    356 |    113 |   7014 |  11 |  869.0 |
       Dungeon |   8439 |   8107 |    332 |    113 |   6221 |   8 | 1054.9 |
        Temple |    217 |    193 |     24 |      0 |    184 |   1 |  217.0 |
         Abyss |     50 |     50 |      0 |      0 |     19 |   1 |   50.0 |
         Sewer |    851 |    851 |      0 |      0 |    590 |   1 |  851.0 |
               +--------+--------+--------+--------+--------+-----+--------+

Top non-repeatable levels by time:
     D:4: 1398 daAuts
     D:1: 1323 daAuts
     D:7: 1150 daAuts
     D:2: 1094 daAuts
     D:5: 954 daAuts
     D:6: 894 daAuts
   Sewer: 851 daAuts
     D:3: 815 daAuts
     D:8: 808 daAuts
  Temple: 217 daAuts
 Abyss:2: 50 daAuts
